NCAA
BAYLOR BEARS @ MICHIGAN STATE SPARTANS
05/05/2027
 
TOP OF THE 1ST
Baylor Bears batting - Pitching for Michigan State Spartans : RHP Adrian Cooper
Pitching: RHP Adrian Cooper
Batting: SHB Rob Lowe 0-0: Foul Ball, location: 2F
0-1: Ball
1-1: Foul Ball, location: 2F
1-2: Strikes out looking
Batting: RHB Charles Walters 0-0: Ball
1-0: Ball
2-0: Foul Ball, location: 2F
2-1: Foul Ball, location: 2F
2-2: Hit by Pitch
Batting: RHB Patrick Love 0-0: Called Strike
0-1: Ball
1-1: Fielders Choice at 2nd, 4-6 (Groundball, 34D)
Batting: RHB Dave Coleman 0-0: Fly out, F5 (Line Drive, 5)
Top of the 1st over - 0 run(s), 0 hit(s), 0 error(s), 1 left on base; Baylor 0 - Michigan State 0
BOTTOM OF THE 1ST
Michigan State Spartans batting - Pitching for Baylor Bears : RHP Steve Parsons
Pitching: RHP Steve Parsons
Batting: SHB Joe Emery 0-0: Called Strike
0-1: Ball
1-1: Foul Ball, location: 2F
1-2: Foul Ball, location: 2F
1-2: Strikes out looking
Batting: LHB Gabriel Estrada 0-0: Fly out, F7 (Flyball, 7LMF)
Batting: LHB Cliff Mills 0-0: Foul Ball, location: 2F
0-1: Ball
1-1: SINGLE (Groundball, 34D)
Batting: RHB Ryan Nelson 0-0: Ball
1-0: Ball
2-0: Ball
3-0: Base on Balls
Cliff Mills to second
Batting: RHB Ryan Fullerton 0-0: Fly out, F9 (Flyball, 9S)
Bottom of the 1st over - 0 run(s), 1 hit(s), 0 error(s), 2 left on base; Baylor 0 - Michigan State 0
TOP OF THE 2ND
Baylor Bears batting - Pitching for Michigan State Spartans : RHP Adrian Cooper
Batting: RHB Deron Simmons 0-0: Ball
1-0: Ball
2-0: Reached on error, E6 (Groundball, 6M)
Batting: RHB Tim Church 0-0: DOUBLE (Flyball, 78M)
Deron Simmons scores
Batting: RHB Greg Williams 0-0: Ball
1-0: Ball
2-0: Ground out 4-3 (Groundball, 4)
Tim Church to third
Batting: RHB Mike Armstrong 0-0: Ball
1-0: Ground out 5-3 (Groundball, 56)
Tim Church scores
Batting: LHB Robert Hardin 0-0: Foul Ball, location: 2F
0-1: Swinging Strike
0-2: Ball
1-2: Fly out, F8 (Flyball, 8LM)
Top of the 2nd over - 2 run(s), 1 hit(s), 1 error(s), 0 left on base; Baylor 2 - Michigan State 0
BOTTOM OF THE 2ND
Michigan State Spartans batting - Pitching for Baylor Bears : RHP Steve Parsons
Batting: LHB Aaron Aguirre 0-0: Ground out U3 (Groundball, 34S)
Batting: RHB Nelson Wright 0-0: Ball
1-0: Foul Ball, location: 2F
1-1: Fly out, F8 (Flyball, 8RM)
Batting: RHB Scott Juárez 0-0: Ball
1-0: Ball
2-0: Ball
3-0: Called Strike
3-1: Foul Ball, location: 2F
3-2: Base on Balls
Batting: RHB Spike Walters 0-0: Ball
1-0: Swinging Strike
1-1: Fielders Choice at 2nd, 6-4 (Groundball, 6)
Bottom of the 2nd over - 0 run(s), 0 hit(s), 0 error(s), 0 left on base; Baylor 2 - Michigan State 0
TOP OF THE 3RD
Baylor Bears batting - Pitching for Michigan State Spartans : RHP Adrian Cooper
Batting: SHB Rob Lowe 0-0: Ball
1-0: Called Strike
1-1: Foul Ball, location: 2F
1-2: Strikes out swinging
Batting: RHB Charles Walters 0-0: Ball
1-0: Foul Ball, location: 2F
1-1: Ball
2-1: Ball
3-1: Called Strike
3-2: Strikes out swinging
Batting: RHB Patrick Love 0-0: Ball
1-0: Called Strike
1-1: Called Strike
1-2: Ball
2-2: Ball
3-2: SINGLE (Groundball, 6D)
Batting: RHB Dave Coleman 0-0: Called Strike
0-1: Ball
1-1: Called Strike
1-2: Foul Ball, location: 2F
1-2: Foul Ball, location: 2F
1-2: DOUBLE (Line Drive, 89XD)
Patrick Love to third
Runner from 3rd tries for Home, SAFE, no throw
Batting: RHB Deron Simmons 0-0: Ball
1-0: Ball
2-0: Called Strike
2-1: Ball
3-1: Called Strike
3-2: Base on Balls
Batting: RHB Tim Church 0-0: Ball
1-0: Foul Ball, location: 2F
1-1: Foul Ball, location: 2F
1-2: Strikes out swinging
Top of the 3rd over - 1 run(s), 2 hit(s), 0 error(s), 2 left on base; Baylor 3 - Michigan State 0
BOTTOM OF THE 3RD
Michigan State Spartans batting - Pitching for Baylor Bears : RHP Steve Parsons
Batting: SHB Joe Emery 0-0: Ball
1-0: Ball
2-0: Called Strike
2-1: Ground out 4-3 (Groundball, 4M)
Batting: LHB Gabriel Estrada 0-0: Ball
1-0: Ball
2-0: Ball
3-0: Called Strike
3-1: Bunt missed!
3-2: Foul Ball, location: 2F
3-2: SINGLE (Line Drive, 8LS)
Batting: LHB Cliff Mills 0-0: Ball
1-0: Foul Ball, location: 2F
1-1: Called Strike
1-2: Foul Ball, location: 2F
1-2: Foul Ball, location: 2F
1-2: Fly out, F4 (Line Drive, 4)
Batting: RHB Ryan Nelson 0-0: Called Strike
0-1: Ball
1-1: Called Strike
1-2: Fly out, F8 (Flyball, 8RM)
Bottom of the 3rd over - 0 run(s), 1 hit(s), 0 error(s), 1 left on base; Baylor 3 - Michigan State 0
TOP OF THE 4TH
Baylor Bears batting - Pitching for Michigan State Spartans : RHP Adrian Cooper
Batting: RHB Greg Williams 0-0: Ball
1-0: Ball
2-0: Called Strike
2-1: Swinging Strike
2-2: Ball
3-2: Base on Balls
Pitching: RHP Nathaniel Reynolds
Batting: RHB Mike Armstrong 0-0: Ball
1-0: Foul Ball, location: 2F
1-1: Foul Ball, location: 2F
1-2: Foul Ball, location: 2F
1-2: Ball
2-2: Strikes out swinging
Batting: LHB Robert Hardin 0-0: Ball
1-0: Called Strike
1-1: Foul Ball, location: 2F
1-2: Ball
2-2: Foul Ball, location: 2F
2-2: Ball
3-2: Base on Balls
Greg Williams to second
Batting: SHB Rob Lowe 0-0: Called Strike
0-1: Ball
1-1: Foul Ball, location: 2F
1-2: Foul Ball, location: 2F
1-2: Foul Ball, location: 2F
1-2: Ball
2-2: Foul Ball, location: 2F
2-2: Fly out, F8 (Flyball, 8LM)
Batting: RHB Charles Walters 0-0: Ball
1-0: Foul Ball, location: 2F
1-1: Ball
2-1: Ball
3-1: Foul Ball, location: 2F
3-2: Foul Ball, location: 2F
3-2: Base on Balls
Greg Williams to third
Robert Hardin to second
Batting: RHB Patrick Love 0-0: Ball
1-0: Called Strike
1-1: Ball
2-1: Ball
3-1: Base on Balls
Greg Williams scores
Robert Hardin to third
Charles Walters to second
Batting: RHB Dave Coleman 0-0: Foul Ball, location: 2F
0-1: Fly out, F8 (Flyball, 8RD)
Top of the 4th over - 1 run(s), 0 hit(s), 0 error(s), 3 left on base; Baylor 4 - Michigan State 0
BOTTOM OF THE 4TH
Michigan State Spartans batting - Pitching for Baylor Bears : RHP Steve Parsons
Batting: RHB Ryan Fullerton 0-0: Called Strike
0-1: Ground out 4-3 (Groundball, 34D)
Batting: LHB Aaron Aguirre 0-0: Called Strike
0-1: Ball
1-1: Foul Ball, location: 2F
1-2: Fly out, F8 (Flyball, 8RM)
Batting: RHB Nelson Wright 0-0: Ball
1-0: SINGLE (Line Drive, 56D)
Batting: RHB Scott Juárez 0-0: Ball
1-0: Fly out, F8 (Line Drive, 78S)
Bottom of the 4th over - 0 run(s), 1 hit(s), 0 error(s), 1 left on base; Baylor 4 - Michigan State 0
TOP OF THE 5TH
Baylor Bears batting - Pitching for Michigan State Spartans : RHP Nathaniel Reynolds
Batting: RHB Deron Simmons 0-0: Ball
1-0: Foul Ball, location: 2F
1-1: Ball
2-1: Ball
3-1: Called Strike
3-2: Base on Balls
Batting: RHB Tim Church 0-0: Ball
1-0: Ball
2-0: Ball
3-0: Base on Balls
Deron Simmons to second
Batting: RHB Greg Williams 0-0: Ball
1-0: Foul Ball, location: 2F
1-1: Called Strike
1-2: Fly out, F9 (Flyball, 9)
Batting: RHB Mike Armstrong 0-0: SINGLE (Groundball, 34D)
Deron Simmons to third
Tim Church to second
Runner from 3rd tries for Home, SAFE, throw made home
Batting: LHB Robert Hardin 0-0: Ball
1-0: Foul Ball, location: 2F
1-1: Called Strike
1-2: Strikes out looking
Batting: SHB Rob Lowe 0-0: Ball
1-0: Called Strike
1-1: Called Strike
1-2: Ball
2-2: Ball
3-2: Strikes out swinging
Top of the 5th over - 1 run(s), 1 hit(s), 0 error(s), 2 left on base; Baylor 5 - Michigan State 0
BOTTOM OF THE 5TH
Michigan State Spartans batting - Pitching for Baylor Bears : RHP Steve Parsons
Batting: RHB Spike Walters 0-0: Swinging Strike
0-1: Swinging Strike
0-2: SINGLE (Line Drive, 56D)
Batting: SHB Joe Emery 0-0: Called Strike
Spike Walters steals 2nd base
0-1: Called Strike
0-2: Strikes out swinging
Batting: LHB Gabriel Estrada 0-0: Fly out, F7 (Flyball, 78M)
Batting: LHB Cliff Mills 0-0: Ball
1-0: Fly out, F8 (Flyball, 89D)
Bottom of the 5th over - 0 run(s), 1 hit(s), 0 error(s), 1 left on base; Baylor 5 - Michigan State 0
TOP OF THE 6TH
Baylor Bears batting - Pitching for Michigan State Spartans : RHP Nathaniel Reynolds
Pitching: RHP Brian White
Batting: RHB Charles Walters 0-0: Ball
1-0: Ball
2-0: Foul Ball, location: 2F
2-1: Ball
3-1: Base on Balls
Batting: RHB Patrick Love 0-0: Ball
1-0: Foul Ball, location: 2F
1-1: Fly out, F7 (Line Drive, 7LS)
Batting: RHB Dave Coleman 0-0: Ball
1-0: Ball
2-0: Ball
3-0: Called Strike
3-1: Base on Balls
Charles Walters to second
Batting: RHB Deron Simmons 0-0: SINGLE (Groundball, 34D)
Charles Walters to third
Dave Coleman to second
Runner from 3rd tries for Home, SAFE, no throw
Batting: RHB Tim Church 0-0: Called Strike
0-1: SINGLE (Flyball, 8RS)
Dave Coleman to third
Deron Simmons to second
Runner from 3rd tries for Home, SAFE, no throw
Batting: RHB Greg Williams 0-0: Called Strike
0-1: Ball
1-1: Grounds into double play, 1-4-3 (Groundball, 15)
Top of the 6th over - 2 run(s), 2 hit(s), 0 error(s), 1 left on base; Baylor 7 - Michigan State 0
BOTTOM OF THE 6TH
Michigan State Spartans batting - Pitching for Baylor Bears : RHP Steve Parsons
Batting: RHB Ryan Nelson 0-0: Foul Ball, location: 2F
0-1: Ball
1-1: Fly out, F8 (Flyball, 89M)
Batting: RHB Ryan Fullerton 0-0: Ground out 5-3 (Groundball, 56S)
Batting: LHB Aaron Aguirre 0-0: Called Strike
0-1: Ball
1-1: Called Strike
1-2: Foul Ball, location: 2F
1-2: Fly out, F4 (Popup, 4D)
Bottom of the 6th over - 0 run(s), 0 hit(s), 0 error(s), 0 left on base; Baylor 7 - Michigan State 0
TOP OF THE 7TH
Baylor Bears batting - Pitching for Michigan State Spartans : RHP Brian White
Batting: RHB Mike Armstrong 0-0: Ball
1-0: Called Strike
1-1: Ground out 5-3 (Groundball, 56)
Batting: LHB Robert Hardin 0-0: Foul Ball, location: 2F
0-1: Called Strike
0-2: DOUBLE (Flyball, 9)
Batting: SHB Rob Lowe 0-0: Foul Ball, location: 2F
0-1: Ball
1-1: Foul Ball, location: 2F
1-2: Ball
2-2: Ball
3-2: Foul Ball, location: 2F
3-2: Base on Balls
Batting: RHB Charles Walters 0-0: Ball
1-0: Called Strike
1-1: Swinging Strike
1-2: Foul Ball, location: 2F
1-2: Foul Ball, location: 2F
1-2: Ball
2-2: Strikes out looking
Batting: RHB Patrick Love 0-0: Fielders Choice at 2nd, 6-4 (Groundball, 6)
Top of the 7th over - 0 run(s), 1 hit(s), 0 error(s), 1 left on base; Baylor 7 - Michigan State 0
BOTTOM OF THE 7TH
Michigan State Spartans batting - Pitching for Baylor Bears : RHP Steve Parsons
Batting: RHB Nelson Wright 0-0: Called Strike
0-1: Foul Ball, location: 2F
0-2: Ball
1-2: Ball
2-2: Ball
3-2: Base on Balls
Pitching: RHP David Berry
Batting: RHB Scott Juárez 0-0: Called Strike
0-1: Ball
1-1: Called Strike
1-2: Grounds into double play, 6-4-3 (Groundball, 6)
Batting: RHB Spike Walters 0-0: Fly out, F9 (Flyball, 9LMF)
Bottom of the 7th over - 0 run(s), 0 hit(s), 0 error(s), 0 left on base; Baylor 7 - Michigan State 0
TOP OF THE 8TH
Baylor Bears batting - Pitching for Michigan State Spartans : RHP Brian White
Batting: RHB Dave Coleman 0-0: Ground out 5-3 (Groundball, 5)
Batting: RHB Deron Simmons 0-0: Ball
1-0: Ball
2-0: Foul Ball, location: 2F
2-1: Called Strike
2-2: Foul Ball, location: 2F
2-2: Foul Ball, location: 2F
2-2: Ball
3-2: Strikes out swinging
Batting: RHB Tim Church 0-0: DOUBLE (Line Drive, 7LM)
Batting: RHB Greg Williams 0-0: Ball
1-0: Foul Ball, location: 2F
1-1: Fly out, F9 (Flyball, 9LS)
Top of the 8th over - 0 run(s), 1 hit(s), 0 error(s), 1 left on base; Baylor 7 - Michigan State 0
BOTTOM OF THE 8TH
Michigan State Spartans batting - Pitching for Baylor Bears : RHP David Berry
Batting: SHB Joe Emery 0-0: Called Strike
0-1: Ground out 4-3 (Groundball, 4)
Batting: LHB Gabriel Estrada 0-0: Foul Ball, location: 2F
0-1: Called Strike
0-2: Fly out, F4 (Line Drive, 4)
Batting: LHB Cliff Mills 0-0: Ball
1-0: Ball
2-0: Ball
3-0: Called Strike
3-1: Base on Balls
Batting: RHB Ryan Nelson 0-0: Called Strike
0-1: Ball
1-1: Foul Ball, location: 2F
1-2: Ball
2-2: Ball
3-2: Strikes out swinging
Bottom of the 8th over - 0 run(s), 0 hit(s), 0 error(s), 1 left on base; Baylor 7 - Michigan State 0
TOP OF THE 9TH
Baylor Bears batting - Pitching for Michigan State Spartans : RHP Brian White
Pitching: LHP David Page
Batting: RHB Mike Armstrong 0-0: Ground out 5-3 (Groundball, 5S)
Batting: LHB Robert Hardin 0-0: Ball
1-0: Called Strike
1-1: Ball
2-1: SOLO HOME RUN (Flyball, 89XD), Distance : 369 ft
Batting: SHB Rob Lowe 0-0: Ball
1-0: Ball
2-0: SOLO HOME RUN (Line Drive, 7LD), Distance : 343 ft
Batting: RHB Charles Walters 0-0: Ball
1-0: Swinging Strike
1-1: Called Strike
1-2: Ball
2-2: Foul Ball, location: 2F
2-2: Ball
3-2: Strikes out swinging
Batting: RHB Patrick Love 0-0: Called Strike
0-1: Called Strike
0-2: Strikes out looking
Top of the 9th over - 2 run(s), 2 hit(s), 0 error(s), 0 left on base; Baylor 9 - Michigan State 0
BOTTOM OF THE 9TH
Michigan State Spartans batting - Pitching for Baylor Bears : RHP David Berry
Now in RF: Jeff Sellers
Batting: RHB Ryan Fullerton 0-0: Ball
1-0: Ground out U3 (Groundball, 34)
Batting: LHB Aaron Aguirre 0-0: Ball
1-0: Called Strike
1-1: Ball
2-1: SINGLE (Line Drive, 4M)
Batting: RHB Nelson Wright 0-0: Ball
1-0: Foul Ball, location: 2F
1-1: Ball
2-1: Ball
3-1: Base on Balls
Aaron Aguirre to second
Batting: RHB Scott Juárez 0-0: Called Strike
0-1: Foul Ball, location: 2F
0-2: Foul Ball, location: 2F
0-2: Foul Ball, location: 2F
0-2: Strikes out swinging
Batting: RHB Spike Walters 0-0: Called Strike
0-1: Swinging Strike
0-2: Ball
1-2: Foul Ball, location: 2F
1-2: Strikes out swinging
Bottom of the 9th over - 0 run(s), 1 hit(s), 0 error(s), 2 left on base; Baylor 9 - Michigan State 0
Thursday, March 30th, 2017 - OOTP Baseball 17.12 Build 75